 Dungeon Crawl Stone Soup version 0.30-a0-722-g3e6e8c874d (webtiles) character file.

Game seed: 6877233279499434297

745 Dittersdorf the Shield-Bearer (level 7, -1/44 HPs)
             Began as a Gargoyle Fighter on Jan 27, 2023.
             Was an Initiate of Okawaru.
             Killed from afar by Dowan (14 damage)
             ... with a bolt of light
             ... on level 5 of the Dungeon.
             The game lasted 00:06:03 (3741 turns).

Dittersdorf the Shield-Bearer (Gargoyle Fighter)    Turns: 3741, Time: 00:06:03

Health: -1/44      AC: 21    Str: 21    XL:     7   Next: 76%
Magic:  7/7        EV:  7    Int:  9    God:    Okawaru [......]
Gold:   224        SH:  0    Dex:  9    Spells: 6/6 levels left

rFire   . . .      SeeInvis .    a - +0 flail
rCold   . . .      Faith    .    c - +0 buckler
rNeg    + . .      Spirit   .    E - +0 chain mail
rPois   ∞          Reflect  .    (no helmet)
rElec   +          Harm     .    l - +2 cloak {rPois}
rCorr   .          Rampage  .    q - +1 Delatra's gloves {ID++}
Will    .....                    u - +0 pair of boots Stlth
                                 D - amulet of Vitality {RegenMP++ Regen++}
HPRegen 1.87/turn                (no ring)
MPRegen 0.90/turn                (no ring)

@: confused
A: sickness immunity, AC +4, negative energy resistance 1, electricity
resistance, torment resistance 1, petrification resistance
a: Renounce Religion


You were on level 5 of the Dungeon.
You worshipped Okawaru.
Okawaru was noncommittal.
You visited 2 branches of the dungeon, and saw 6 of its levels.

You collected 224 gold pieces.

Inventory:

Hand Weapons
 a - a +0 flail (weapon)
Missiles
 z - a throwing net (quivered)
Armour
 c - a +0 buckler (worn)
 l - a +2 cloak of poison resistance (worn)
 q - the +1 Delatra's gloves (worn) {ID++}
   (You found it on level 3 of the Dungeon)

   ID++:      It heals its wearer when they drink unknown potions, and restores
   their MP when they read unknown scrolls.
 u - a +0 pair of boots (worn)
 E - a +0 chain mail (worn)
Jewellery
 C - a ring of fire
 D - the amulet of Vitality (around neck) {RegenMP++ Regen++}
   (You found it on level 5 of the Dungeon)

   [amulet of magic regeneration]

   It increases your rate of magic regeneration.
   Regen:     It increases your rate of health regeneration.
Wands
 o - a wand of iceblast (10)
Scrolls
 f - 7 scrolls of identify {unknown}
 g - a scroll of amnesia {unknown}
 h - a scroll of fear {unknown}
 i - a scroll of brand weapon {unknown}
 n - a scroll of vulnerability {unknown}
 p - a scroll of torment {unknown}
 r - 2 scrolls of noise {unknown}
 s - a scroll of blinking {unknown}
 t - a scroll of summoning {unknown}
 w - a scroll of enchant armour {unknown}
 x - a scroll of immolation {unknown}
 y - a scroll of enchant weapon {unknown}
 A - a scroll of teleportation {unknown}
Potions
 b - a potion of magic {unknown}
 d - 2 potions of might
 j - 3 potions of lignification {unknown}
 k - a potion of ambrosia {unknown}
 m - 6 potions of curing {unknown}
 v - a potion of haste {unknown}
 B - a potion of attraction {unknown}
 F - a potion of flight {unknown}
 G - a potion of invisibility {unknown}


   Skills:
 + Level 5.5 Fighting
 + Level 4.6 Maces & Flails
 + Level 5.6 Armour
 + Level 5.6 Shields


You had 6 spell levels left.
You didn't know any spells.
Your spell library contained the following spells:

 Spells                   Type           Power      Damage    Failure   Level
 Ignite Poison            Fire/Tmut/Pois 0%         N/A       100%        3
 Mephitic Cloud           Conj/Pois/Air  0%         N/A       100%        3
 Spider Form              Tmut/Pois      0%         N/A       100%        3


Dungeon Overview and Level Annotations

Branches:
Dungeon (5/15)             Temple (1/1) D:4

Altars:
Ashenzari
Cheibriados
Dithmenos
Fedhas
Hepliaklqana
Kikubaaqudgha
Makhleb
Okawaru
Qazlal
Trog
Uskayaw
Vehumet
Xom
Zin

Annotations:
D:5 Dowan


Innate Abilities, Weirdness & Mutations

You are immune to sickness and miasma.
Your stone body is resilient. (AC +4)
You are immune to poison.
You resist negative energy. (rN+)
You are resistant to electric shocks. (rElec)
You are resistant to unholy torment.
You are immune to petrification.


Message History

The ufetubus hits you but does no damage.
The ufetubus closely misses you.
You barely miss the ufetubus. You block the ufetubus's attack.
The ufetubus barely misses you.
Dowan zaps a wand.
The bolt of light hits the ufetubus!
The ufetubus dies!
The bolt of light hits you.
Throw: 5 darts (poison)
Press: ? - help, Q - select action, (/) - cycle Shift-Dir - straight line, f - Dowan
Aim: Dowan, wielding a +0 dagger, wearing a +0 robe and carrying a wand of light (3) (fast, 43% to hit)
You throw a poisoned dart.
The poisoned dart completely misses Dowan.
Dowan gestures wildly while chanting.
Dowan blinks!
Throw: 4 darts (poison)
Press: ? - help, Q - select action, (/) - cycle Shift-Dir - straight line, f/p - Dowan
Aim: Dowan, wielding a +0 dagger, wearing a +0 robe and carrying a wand of light (3) (fast, 43% to hit)
You throw a poisoned dart. The poisoned dart barely misses Dowan.
Throw: 3 darts (poison)
Press: ? - help, Q - select action, (/) - cycle Shift-Dir - straight line, f/p - Dowan
Aim: Dowan, wielding a +0 dagger, wearing a +0 robe and carrying a wand of light (3) (fast, 43% to hit)
You throw a poisoned dart. The poisoned dart closely misses Dowan.
Throw: 2 darts (poison)
Press: ? - help, Q - select action, (/) - cycle Shift-Dir - straight line, f/p - Dowan
Aim: Dowan, wielding a +0 dagger, wearing a +0 robe and carrying a wand of light (3) (fast, 43% to hit)
You throw a poisoned dart. The poisoned dart hits Dowan.
Dowan casts a spell at you. The shard of ice hits you!
* * * LOW HITPOINT WARNING * * *
Throw: dart (poison)
Press: ? - help, Q - select action, (/) - cycle Shift-Dir - straight line, f/p - Dowan
Aim: Dowan, wielding a +0 dagger, wearing a +0 robe and carrying a wand of light (3) (fast, 43% to hit)
You throw a poisoned dart. The poisoned dart hits Dowan.
Dowan is poisoned.
Dowan hits you but does no damage.
Okay, then.
You closely miss Dowan. Dowan hits you with a +0 dagger.
* * * LOW HITPOINT WARNING * * *
Dowan zaps a wand.
The bolt of light hits you!
You are confused.
You die...

#.......##
#........## #...
#.....##..## #....
#...#####..## ##.....
#..## ##..## .......
### ###..## .......
###..#..##.......
###....##..#.......
###......###.@.......
##........#
##.e......
###.........#
##.(.....
#...........# #......
##..........# #.....
#..........# .((..
#......)..## ####
##........#
#.......##


You could see Dowan (fast, poisoned).

Vanquished Creatures
  Sigmund (D:2)
  Duvessa (D:5)
  An ogre (D:4)
  A crimson imp (D:4)
  A hound (D:4)
  An orc priest (D:3)
  Crazy Yiuf (D:2)
  An iguana (D:5)
  An orc wizard (D:3)
  7 adders
  3 gnolls (Temple)
  A shadow imp (D:5)
  A white imp (D:4)
  An ufetubus (D:5)
  A worm (D:2)
  5 dart slugs
  18 orcs
  6 ball pythons
  2 bats
  5 endoplasms
  2 giant cockroaches
  5 goblins
  7 hobgoblins
  8 jackals
  7 kobolds
  4 quokkas
  3 frilled lizards (D:1)
  5 rats
100 creatures vanquished.

Vanquished Creatures (others)
  An ufetubus (D:5)
1 creature vanquished.

Grand Total: 101 creatures vanquished

Notes
Turn   | Place    | Note
-------+----------+-------------------------------------------
     0 | D:1      | Dittersdorf the Gargoyle Fighter began the quest for the
                  | Orb.
     0 | D:1      | Reached XP level 1. HP: 14/14 MP: 1/1
    47 | D:1      | Reached XP level 2. HP: 19/19 MP: 2/2
   178 | D:1      | Reached XP level 3. HP: 9/23 MP: 3/3
   756 | D:2      | Reached XP level 4. HP: 29/29 MP: 4/4
   826 | D:2      | Noticed Sigmund
   873 | D:2      | Killed Sigmund
   874 | D:2      | Reached XP level 5. HP: 20/34 MP: 5/5
   961 | D:2      | Reached XP level 6. HP: 38/39 MP: 6/6
  1194 | D:2      | Found a runed translucent door.
  1195 | D:2      | Noticed Crazy Yiuf
  1205 | D:2      | Killed Crazy Yiuf
  1652 | D:3      | Found the +1 Delatra's gloves {ID++}
  1892 | D:3      | Got the Compilation of Pollution
  2251 | D:4      | Reached skill level 5 in Armour
  2288 | D:4      | Reached skill level 5 in Shields
  2314 | D:4      | Found a staircase to the Ecumenical Temple.
  2320 | Temple   | Entered the Ecumenical Temple
  2538 | Temple   | Became a worshipper of Warmaster Okawaru
  2583 | D:4      | Found a shadowy altar of Dithmenos.
  2646 | Temple   | HP: 2/40 [gnoll/+0 flail (4)]
  2649 | Temple   | Reached skill level 5 in Fighting
  2649 | Temple   | Reached XP level 7. HP: 3/44 MP: 7/7
  3461 | D:5      | Entered Level 5 of the Dungeon
  3461 | D:5      | Found the amulet of Vitality {RegenMP++ Regen++}
  3714 | D:5      | Noticed Dowan
  3715 | D:5      | Noticed Duvessa
  3729 | D:5      | Killed Duvessa
  3741 | D:5      | Killed from afar by Dowan

Illustrated notes

Levels and vault maps discovered:
D:1:      spicycebolla_green_bress_n_ham_2, layout_rooms
D:2:      layout_rooms, minmay_crystal_water, uniq_sigmund,
          uniq_crazy_yiuf_cottage
D:3:      layout_loops_ring, grunt_ministairs_2, pf_guarded_unrand_delatra
D:4:      layout_cave_pools, nicolae_dithmenos_shadow_blocks,
          minmay_temple_entry_trees, minmay_fire_ice_demons
D:5:      layout_cave_pods, uniq_duvessa
Temple:   nicolae_temple_figure_eight

Skill      XL: |  1  2  3  4  5  6 |
---------------+-------------------+-----
Fighting       | 4 5 |  5.5
Maces & Flails | 3 4 |  4.6
Armour         | 4 5 |  5.6
Shields        | 4 5 |  5.6

Action                     |  1- 3 |  4- 6 |  7- 9 || total
---------------------------+-------+-------+-------++-------
  Melee: Flail             |   130 |   159 |    97 ||   386
  Throw: Dart              |       |     8 |    10 ||    18
 Armour: Scale mail        |    67 |    80 |    51 ||   198
         Chain mail        |       |       |    48 ||    48
  Dodge: Dodged            |    75 |    71 |    82 ||   228
  Block: Buckler           |    22 |    44 |    42 ||   108

Table legend: (Time is in decaauts)
 A = Elapsed time spent in this place.
 B = Non-inter-level travel time spent in this place.
 C = Inter-level travel time spent in this place.
 D = Time resting spent in this place.
 E = Time spent auto-exploring this place.
 F = Levels seen in this place.
 G = Mean time per level.
                   A        B        C        D        E       F      G
               +--------+--------+--------+--------+--------+-----+--------+
         Total |   3849 |   3709 |    140 |    573 |   2171 |   6 |  641.5 |
       Dungeon |   3418 |   3319 |     99 |    422 |   1972 |   5 |  683.6 |
        Temple |    431 |    390 |     41 |    151 |    199 |   1 |  431.0 |
               +--------+--------+--------+--------+--------+-----+--------+

Top non-repeatable levels by time:
     D:3: 891 daAuts
     D:4: 855 daAuts
     D:2: 744 daAuts
     D:1: 640 daAuts
  Temple: 431 daAuts
     D:5: 286 daAuts
